 Dungeon Crawl Stone Soup version 0.31.0-12-g77e489cdc1 (webtiles) character file.

Game seed: 5957759329227997616

135 Gadfly the Apothecary (level 4, -2/35 HPs)
             Began as a Demigod Alchemist on Feb 23, 2024.
             Slain by Grinder (6 damage)
             ... while paralysed by Grinder
             ... on level 3 of the Dungeon.
             The game lasted 00:03:43 (2509 turns).

Gadfly the Apothecary (Demigod Alchemist)           Turns: 2509, Time: 00:03:44

Health: -2/35      AC:  3    Str:  9    XL:     4   Next: 66%
Magic:  1/10       EV:  2    Int: 21    God:
Gold:   208        SH:  0    Dex: 14    Spells: 0/7 levels left

rFire   . . .        g - +0 short sword
rCold   . . .        (no shield)
rNeg    . . .        a - +0 robe
rPois   .            (no helmet)
rElec   .            f - +0 cloak
rCorr   .            (no gloves)
SInv    .            (no boots)
Will    .....        d - amulet of the acrobat
Stlth   ++           (no ring)
HPRegen 0.25/turn    (no ring)
MPRegen 0.12/turn

%: acrobat
@: paralysed
A: high MP 1, forlorn, divine attributes
a: no special abilities


You were on level 3 of the Dungeon.
You visited 1 branch of the dungeon, and saw 3 of its levels.

You collected 208 gold pieces.

Inventory:

Hand Weapons
 g - a +0 short sword (weapon)
Armour
 a - a +0 robe (worn)
 f - a +0 cloak (worn)
Jewellery
 d - an amulet of the acrobat (around neck)
Scrolls
 e - 2 scrolls of teleportation
 h - a scroll of identify
Potions
 b - a potion of magic
 c - a potion of mutation


   Skills:
 + Level 1.1 Fighting
 + Level 2.3 Dodging
 - Level 1.7 Stealth
 + Level 2.2 Spellcasting
 * Level 2.3 Conjurations
 + Level 3.1 Alchemy
 * Level 1.8 Evocations


You couldn't memorise any spells.
You knew the following spells:

 Your Spells              Type           Power      Damage    Failure   Level
a - Sting                 Conj/Alch      52%        1d6       4%          1
b - Mercury Vapours       Alch/Air       16%        N/A       12%         2
c - Olgreb's Toxic Radia  Alch           15%        N/A       38%         4

Your spell library contained the following spells:

 Spells                   Type           Power      Damage    Failure   Level
 Mephitic Cloud           Conj/Alch/Air  9%         N/A       21%         3
 Sticky Flame             Fire/Alch      8%         2d4       58%         4


Dungeon Overview and Level Annotations

Branches:
Dungeon (3/15)

Annotations:
D:3 Grinder


Innate Abilities, Weirdness & Mutations

You have an increased reservoir of magic. (+10% MP)
You shall have no god before yourself.
Your divine heritage dramatically boosts your attributes as you level up.


Message History

Grinder is moderately wounded.
Grinder gestures at you.
You barely resist.
The sting hits Grinder.
Grinder partially resists.
Grinder looks even sicker.
Grinder is moderately wounded.
The sting misses Grinder.
Grinder gestures at you. Pain shoots through your body!
You are too injured to fight recklessly!
You are too injured to fight recklessly!
You hit Grinder but do no damage.
Grinder is moderately wounded.
Grinder closely misses you.
You closely miss Grinder.
Grinder is moderately wounded.
Grinder blinks!
You start resting.
Grinder is nearby!
You are too injured to fight recklessly!
Casting: Sting (safe; 4% risk of failure)
Confirm with . or Enter, or press ? or * to list all spells.
Aiming: Mercury Vapours (safe; 12% risk of failure)
Press: ? - help, Dir - move target, f/p - Grinder
Aim: Grinder (moderately wounded, poisoned, chance to weaken: 51%) Fumes of mercury billow around Grinder!
You hit Grinder.
Grinder is moderately wounded.
Grinder gestures at you. You resist with significant effort.
You closely miss Grinder.
Grinder is moderately wounded.
Grinder gestures at you.
You suddenly lose the ability to move!
Grinder hits you!
* * * LOW HITPOINT WARNING * * *
You writhe in agony.
* * * LOW HITPOINT WARNING * * *
Grinder hits you.
You die...
Grinder says, "Now the real fun starts!"

#......5###.# $
#.#####.†.#.#.#
## #.#
#.#.#.#.#...#
#.#
#.#...)..._..
#.#
#.###.#.#...
#.# #.# #.# #.#
#.# #.# #. #.#
#.####.#### #.#
#.5@....... #.#
######.####


You could see Grinder (poisoned).

Vanquished Creatures
  A scorpion (D:2)
  3 adders
  A dart slug (D:3)
  A ribbon worm (D:2)
  4 ball pythons
  8 bats
  3 endoplasms
  3 giant cockroaches
  3 goblins
  A hobgoblin (D:3)
  9 kobolds
  2 quokkas
  4 frilled lizards
  2 rats (D:2)
45 creatures vanquished.

Notes
Turn   | Place    | Note
-------+----------+-------------------------------------------
     0 | D:1      | Gadfly the Demigod Alchemist began the quest for the Orb.
     0 | D:1      | Reached XP level 1. HP: 14/14 MP: 5/5
    34 | D:1      | Reached skill level 1 in Conjurations
   337 | D:1      | Reached XP level 2. HP: 20/20 MP: 2/7
   340 | D:1      | Learned a level 2 spell: Mercury Vapours
   871 | D:2      | Noticed a scorpion
   878 | D:2      | Killed a scorpion
   879 | D:2      | Reached skill level 1 in Fighting
   879 | D:2      | Reached skill level 1 in Evocations
   879 | D:2      | Reached XP level 3. HP: 28/28 MP: 2/8
   886 | D:2      | Reached XP level 4. HP: 35/35 MP: 1/9
   891 | D:2      | Learned a level 4 spell: Olgreb's Toxic Radiance
  1404 | D:2      | Reached skill level 3 in Alchemy
  2451 | D:3      | Noticed Grinder
  2454 | D:3      | Paralysed by Grinder for 3 turns
  2465 | D:3      | Paralysed by Grinder for 2 turns
  2485 | D:3      | Paralysed by Grinder for 4 turns
  2507 | D:3      | Paralysed by Grinder for 4 turns
  2509 | D:3      | Slain by Grinder

Illustrated notes

Levels and vault maps discovered:
D:1:      matt_arrival_grand_opening, layout_basic
D:2:      layout_loops_corners
D:3:      layout_loops_ring, nicolae_ru_sacrificial_ziggurat,
          mainiacjoe_overflow_large_starburst, basic_ecumenical_altar,
          minmay_gold_behind_fungi, uniq_grinder, uniq_ijyb

Skill      XL: |  1  2  3  4 |
---------------+-------------+-----
Conjurations   | 1 2 |  2.3
Fighting       | 1 |  1.1
Dodging        | 2 |  2.3
Spellcasting   | 2 |  2.2
Evocations     | 1 |  1.8
Alchemy        | 3 |  3.1
Stealth        | |  1.7

Action                     |  1- 3 |  4- 6 || total
---------------------------+-------+-------++-------
  Melee: Unarmed           |    16 |    30 ||    46
         Short sword       |       |    25 ||    25
   Cast: Sting             |    35 |    55 ||    90
         Mercury Vapours   |       |     2 ||     2
    Use: Scroll            |       |     5 ||     5
   Stab: Sleeping          |       |     1 ||     1
 Armour: Robe              |    15 |    37 ||    52
  Dodge: Dodged            |    25 |    65 ||    90
